 Dungeon Crawl Stone Soup version 0.23.0 (webtiles) character file.

Game seed: 9574481883662576271

28 redwoodhats the Firebug (level 3, -11/21 HPs)
             Began as an Octopode Fire Elementalist on Feb 17, 2019.
             Killed from afar by a bat (31 damage)
             ... with an exploding inner flame
             ... hexed by the player character
             ... on level 1 of the Dungeon.
             The game lasted 00:09:48 (1202 turns).

redwoodhats the Firebug (OpFE)                      Turns: 1202, Time: 00:09:48

Health: -11/21     AC:  1    Str:  7    XL:     3   Next: 14%
Magic:  3/6        EV: 13    Int: 18    God:
Gold:   15         SH:  0    Dex: 12    Spells: 2/6 levels left

rFire    . . .     SeeInvis .   (no weapon)
rCold    . . .     Gourm    .   (no shield)
rNeg     . . .     Faith    .   (helmet restricted)
rPois    .         Spirit   .   (no amulet)
rElec    .         Reflect  .   (no ring)
rCorr    .         Harm     .   (no ring)
MR       .....                  (no ring)
Stlth    +++.......             (no ring)
HPRegen  0.07/turn              (no ring)
MPRegen  0.10/turn              (no ring)
                                (no ring)
                                (no ring)

@: no status effects
A: almost no armour, stealthy swim, amphibious, 8 rings, constrict 8, camouflage
1, gelatinous body 1
a: no special abilities


You were on level 1 of the Dungeon.
You were not hungry.

You visited 1 branch of the dungeon, and saw 1 of its levels.

You collected 15 gold pieces.

Inventory:

Missiles
 h - 11 arrows
Scrolls
 a - a scroll of teleportation {unknown}
 d - 2 scrolls of identify {unknown}
 e - a scroll of enchant weapon {unknown}
 f - a scroll of magic mapping {unknown}
Potions
 c - a potion of heal wounds {unknown}
Comestibles
 b - 2 rations
 g - a chunk of flesh


   Skills:
 + Level 2.2 Dodging
 + Level 2.9 Stealth
 + Level 2.4 Spellcasting
 + Level 1.2 Conjurations
 + Level 3.5 Fire Magic


You had 2 spell levels left.
You knew the following spells:

 Your Spells              Type           Power        Failure   Level  Hunger
a - Flame Tongue          Conj/Fire      ##...        7%          1    #......
b - Inner Flame           Hex/Fire       #.......     26%         3    ###....

Your spell library contained the following spells:

 Spells                   Type           Power        Failure   Level  Hunger
 Throw Flame              Conj/Fire      ##....       10%         2    ##.....
 Conjure Flame            Conj/Fire      ##......     21%         3    ###....
 Sticky Flame             Conj/Fire      ##......     54%         4    #####..
 Fireball                 Conj/Fire      ##........   88%         5    ######.


Dungeon Overview and Level Annotations

Branches:
Dungeon (1/15)

Altars:


Innate Abilities, Weirdness & Mutations

You cannot wear most types of armour.
You are very stealthy in the water. (Stealth+)
You are amphibious.
You can wear up to eight rings at the same time.
You can use your tentacles to constrict eight enemies at once.
Your skin changes colour to match your surroundings (Stealth+).
Your rubbery body absorbs attacks. (AC +1, EV +1)


Message History

A bat comes into view.
The dart slug launches a dart at you. The slug dart misses you.
Casting: Flame Tongue (safe; 7% risk of failure)
Confirm with . or Enter, or press ? or * to list all spells.
Aiming: Inner Flame (safe; 26% risk of failure)
Press: ? - help, Shift-Dir - straight line The bat is filled with an inner flame.
The bat barely misses you.
Casting: Inner Flame (safe; 26% risk of failure)
Confirm with . or Enter, or press ? or * to list all spells.
Okay, then.
The bat barely misses you. The bat closely misses you. The bat hits you.
The bat closely misses you.
You miss the bat. You grab the bat. You squeeze the bat.
The bat explodes!
The fiery explosion engulfs you!!
Ouch! That really hurt!
You die...

.#...##...>...# ##.#######.#
#.# .....###.....#####...##
#.# #.#
.#......#...#.........# #.#
#.#
.....###.###.#####...######.#
#.# .....# ##.#.##
#...........# #.#
###..#####.######.########..#
#.# ###...............# #..#
#.# ........#############
#..# #.#
###.###.#......§@...# #..#
#.# #.# #.......§§§.#.# #..#
#.# ###.###.#.#######.#.#
#..# #.# ..).....#.# #.#w#
#..# #.# #######.#.# #.#.# .
#..# #.# #.#.# .....
.g...###.# #.#..
......w.....?.... #.#..
#..g.......#....# #.#..##g#
#.#.#.%.##...####


You could see a goblin (sleeping).

Vanquished Creatures
  A dart slug (D:1)
  A leopard gecko (D:1)
  3 bats (D:1)
  3 giant cockroaches (D:1)
  6 hobgoblins (D:1)
  2 ball pythons (D:1)
  A goblin (D:1)
  7 rats (D:1)
24 creatures vanquished.

Notes
Turn   | Place    | Note
-------+----------+-------------------------------------------
     0 | D:1      | redwoodhats the Octopode Fire Elementalist began the quest
                  | for the Orb.
     0 | D:1      | Reached XP level 1. HP: 11/11 MP: 3/3
   217 | D:1      | Reached XP level 2. HP: 16/17 MP: 1/5
   769 | D:1      | Reached XP level 3. HP: 21/21 MP: 4/6
   803 | D:1      | Learned a level 3 spell: Inner Flame
  1202 | D:1      | Killed from afar by a bat

Action                   || total
-------------------------++-------
Melee: Unarmed           ||     9
       Constrict         ||     3
       Tentacles         ||     3
 Cast: Flame Tongue      ||    38
       Inner Flame       ||     3
  Eat: Ration            ||     1
Armor: Skin              ||     2
Dodge: Dodged            ||    16
